 Dungeon Crawl Stone Soup version 0.30.0-29-ga12c61a403 (webtiles) character file.

Game seed: 16971226054304949317

2 ChadusMaximus the Caller (level 1, -1/13 HPs)
             Began as a Barachi Summoner on June 24, 2023.
             Killed from afar by a dart slug (4 damage)
             ... with a slug dart
             ... on level 1 of the Dungeon.
             The game lasted 00:00:20 (96 turns).

ChadusMaximus the Caller (Barachi Summoner)           Turns: 96, Time: 00:00:21

Health: -1/13      AC:  2    Str:  9    XL:     1   Next: 30%
Magic:  3/3        EV: 12    Int: 15    God:
Gold:   8          SH:  0    Dex: 12    Spells: 3/4 levels left

rFire   . . .        d - +0 dagger
rCold   . . .        (no shield)
rNeg    . . .        a - +0 robe
rPois   .            (no helmet)
rElec   .            (no cloak)
rCorr   .            (no gloves)
SInv    .            (no boots)
Will    .....        (no amulet)
Stlth   ++           (no ring)
HPRegen 0.22/turn    (no ring)
MPRegen 0.08/turn

%: no passive effects
@: slow
A: amphibious, slowness 1, strong legs 1, +LOS
a: Hop


You were on level 1 of the Dungeon.
You visited 1 branch of the dungeon, and saw 1 of its levels.

You collected 8 gold pieces.

Inventory:

Hand Weapons
 d - a +0 dagger (weapon)
Armour
 a - a +0 robe (worn)
Scrolls
 c - a scroll of identify {unknown}
Potions
 b - a potion of magic
 e - a potion of invisibility {unknown}


   Skills:
 - Level 2.1 Dodging
 - Level 1.7 Stealth
 + Level 2.2 Spellcasting
 * Level 4.9 Summonings


You had 3 spell levels left.
You knew the following spells:

 Your Spells              Type           Power      Damage    Failure   Level
a - Summon Small Mammal   Summ           64%        N/A       2%          1

Your spell library contained the following spells:

 Spells                   Type           Power      Damage    Failure   Level
 Call Imp                 Summ           32%        N/A       4%          2
 Call Canine Familiar     Summ           16%        N/A       9%          3
 Summon Guardian Golem    Hex/Summ       9%         N/A       24%         3
 Summon Lightning Spire   Summ/Air       9%         N/A       61%         4


Dungeon Overview and Level Annotations

Branches:
Dungeon (1/15)

Altars:


Innate Abilities, Weirdness & Mutations

You are amphibious.
You cover ground slowly.
You can hop short distances.
You have an extended range of vision and can be seen from far away.


Message History

You see here a frilled lizard corpse.
Found a stone staircase leading down.
No target in view!
A dart slug comes into view.
Found a book of Vapours.
The dart slug moves out of view.
No target in view!
No target in view!
The dart slug launches a dart at you. The slug dart hits you.
A dart slug is nearby!
A dart slug is nearby!
You hit the dart slug but do no damage. The dart slug barely misses you.
You hit the dart slug.
The dart slug is lightly wounded.
A dart slug is nearby!
You hit the dart slug.
The dart slug is heavily wounded.
The dart slug bites you.
A dart slug is nearby!
You are too injured to fight recklessly!
A dart slug is nearby!
You are too injured to fight recklessly!
A dart slug is nearby!
You are too injured to fight recklessly!
A dart slug is nearby!
You are too injured to fight recklessly!
You are too injured to fight recklessly!
A dart slug is nearby!
You are too injured to fight recklessly!
You hit the dart slug.
The dart slug is almost dead.
The dart slug launches a dart at you. The slug dart hits you.
* * * LOW HITPOINT WARNING * * *
Unknown command.
You hit the dart slug but do no damage.
The dart slug is almost dead.
The dart slug launches a dart at you. The slug dart hits you.
You die...

#....##.# #.##..#.#
###.###.#)# . ##.†.#
#...# ..# #..###
##..## ....#
#.####.#######...#
#.....
#.................
#..:######.#######.#.#
#...w@..##.# #.#..
##..###.#..# #.... #..
#...## #..## ... ##..#
#..# # #..# #..## #..
# .. ^.... .... # .
#...... ### # #.####>
.. ..


You could see a dart slug.

Vanquished Creatures
  A frilled lizard (D:1)
  A goblin (D:1)
2 creatures vanquished.

Vanquished Creatures (collateral kills)
  A frilled lizard (D:1)
1 creature vanquished.

Grand Total: 3 creatures vanquished

Notes
Turn   | Place    | Note
-------+----------+-------------------------------------------
     0 | D:1      | ChadusMaximus the Barachi Summoner began the quest for the
                  | Orb.
     0 | D:1      | Reached XP level 1. HP: 13/13 MP: 3/3
    96 | D:1      | Killed from afar by a dart slug

Illustrated notes

Levels and vault maps discovered:
D:1:      pf_arrival_petrified_forest, layout_rooms

Action                     || total
---------------------------++-------
  Melee: Dagger            ||     7
         Unarmed           ||     4
   Cast: Summon Small Mamm ||     2
 Armour: Robe              ||     2
  Dodge: Dodged            ||     2
